 Dungeon Crawl Stone Soup version 0.27.1-33-g824d729ab1 (webtiles) character file.

Game seed: 9558468143973194490

11546 comborobin the Cruncher (level 11, -1/84 HPs)
             Began as a Palentonga Gladiator on Dec 27, 2021.
             Was an Elder of Okawaru.
             Slain by a yak (4 damage)
             ... while petrified by a basilisk
             ... on level 11 of the Dungeon.
             The game lasted 00:10:36 (12035 turns).

comborobin the Cruncher (Palentonga Gladiator)     Turns: 12035, Time: 00:10:37

Health: -1/84      AC: 16    Str: 18    XL:     11   Next: 50%
Magic:  18/18      EV:  1    Int:  8    God:    Okawaru [****..]
Gold:   1443       SH:  0    Dex: 21    Spells: 10/10 levels left

rFire    . . .     SeeInvis +   l - +2 lajatang (venom)
rCold    . . .     Faith    .   (shield currently unavailable)
rNeg     + + +     Spirit   .   C - +0 acid dragon scales
rPois    ∞         Reflect  +   c - +0 helmet
rElec    .         Harm     .   (no cloak)
rCorr    +         Rampage  .   e - +0 pair of gloves
Will     .....                  (no barding)
Stlth    +++.......             o - amulet of reflection
HPRegen  0.24/turn              g - +6 ring of dexterity
MPRegen  0.16/turn              p - ring of poison resistance

@: petrified, heroic, curled up
A: large, rugged brown scales 3, see invisible, deformed body, roll 1, armoured
tail, reflexive curl
a: Rolling Charge, Renounce Religion, Heroism


You were on level 11 of the Dungeon.
You worshipped Okawaru.
Okawaru was greatly pleased with you.
You visited 2 branches of the dungeon, and saw 12 of its levels.

You collected 1504 gold pieces.
You spent 61 gold pieces at shops.

Inventory:

Hand Weapons
 a - a +0 quarterstaff
 l - a +2 lajatang of venom (weapon)
 r - a +0 spear of venom
 t - the +6 fustibalus "Lutoh" {flame, rF+ Str+4 Int+2 Dex+3}
   (You found it on level 10 of the Dungeon)

   Any ammunition fired from it burns those it strikes, dealing additional fire
   damage.
   Str:       It affects your strength (+4).
   Int:       It affects your intelligence (+2).
   Dex:       It affects your dexterity (+3).
   rF:        It protects you from fire.
 D - a +3 battleaxe
Missiles
 d - a throwing net (quivered)
 v - a curare-tipped dart
Armour
 b - a +0 leather armour
 c - a +0 helmet (worn)
 e - a +0 pair of gloves (worn)
 i - a +1 ring mail of fire resistance
 C - +0 acid dragon scales (worn)
Jewellery
 g - a +6 ring of dexterity (left hand)
 k - an amulet of magic regeneration
 o - an amulet of reflection (around neck)
 p - a ring of poison resistance (right hand)
 q - an amulet of the acrobat
 w - a ring of resist corrosion
Wands
 n - a wand of flame (24)
Scrolls
 f - 10 scrolls of identify
 h - a scroll of fog
 j - 2 scrolls of teleportation
 u - a scroll of immolation
Potions
 m - a potion of berserk rage {unknown}
 s - a potion of resistance {unknown}


   Skills:
 - Level 5.0(10.0) Fighting
 - Level 12.0(17.0) Staves
 - Level 1.3(6.3) Throwing
 - Level 11.3(16.3) Dodging
 + Level 10.1 Invocations


You had 10 spell levels left.
You didn't know any spells.
Your spell library contained the following spells:

 Spells                   Type           Power      Damage    Failure   Level
 Static Discharge         Conj/Air       0%         N/A       63%         2
 Frozen Ramparts          Ice            0%         1d2       86%         3
 Fulminant Prism          Conj/Hex       0%         3d6       99%         4
 Ice Form                 Ice/Tmut       0%         N/A       99%         4
 Iskenderun's Mystic Bla  Conj/Tloc      0%         2d3       99%         4
 Summon Ice Beast         Ice/Summ       0%         N/A       99%         4
 Lee's Rapid Deconstruct  Erth           0%         3d5*      100%        5
 Lightning Bolt           Conj/Air       0%         1d11      100%        5
 Maxwell's Capacitive Co  Air            0%         ∞         100%        8


Dungeon Overview and Level Annotations

Branches:
Dungeon (11/15)            Temple (1/1) D:7
   Lair: D:8-11         Orc: D:9-12

Altars:
Ashenzari
Cheibriados
Dithmenos
Elyvilon
Fedhas
Gozag
Hepliaklqana
Kikubaaqudgha
Makhleb
Nemelex Xobeh
Okawaru
Qazlal
Ru
Sif Muna
Trog
Uskayaw
Vehumet
Wu Jian
Xom
Yredelemnul
Zin
The Shining One

Shops:
D:3 (   D:8 *

Annotations:
D:3 1 runed translucent door, Crazy Yiuf
D:5 1 runed translucent door, lordive's ghost, amateur OpVM
D:9 1 runed translucent door, DireWerechicken's ghost, novice TrWr


Innate Abilities, Weirdness & Mutations

You are completely covered in rugged brown scales. (AC +3, +7% HP)
You have supernaturally acute eyesight. (SInv)
Armour fits poorly on your strangely shaped body.
You can roll at nearby foes to attack.
You have a long armoured tail.
You curl defensively after being hit.


Message History

The basilisk gazes at you.
You are slowing down.
You barely miss the basilisk.
The yak bellows!
You tail-slap the basilisk!
The basilisk is almost dead.
You hear a bellow!
The basilisk gazes at you. You resist with some effort.
A yak comes into view.
Your limbs are stiffening.
The yak bellows!
You slash the basilisk!
You kill the basilisk!
Okawaru accepts your kill.
You hear a bellow!
A yak comes into view.
The yak gores you!
* * * LOW HITPOINT WARNING * * *
Unknown command.
Unknown command.
Unknown command.
You hit the yak but do no damage.
The yak is poisoned.
The yak gores you.
* * * LOW HITPOINT WARNING * * *
You have turned to stone.
The yak gores you!
* * * LOW HITPOINT WARNING * * *
A yak comes into view.
The yak gores you!
* * * LOW HITPOINT WARNING * * *
The yak gores you.
* * * LOW HITPOINT WARNING * * *
The yak gores you but does no damage. The yak gores you!
* * * LOW HITPOINT WARNING * * *
The yak gores you.
* * * LOW HITPOINT WARNING * * *
The yak gores you.
* * * LOW HITPOINT WARNING * * *
The yak gores you!
You die...

.PP..........##
P.............#...<.....
P............#....#.....
............##.........
#...................
####.#...............
#.#..#..#.#####....###..
.......##....##)††......
...............Y@Y......
##........<.....YY.#....
#..............Y).# .
##..###......$.........
#..###.................
......>............[....
.......................?
........####.....(......
.....<.## ...........)


You could see 5 yaks.

Vanquished Creatures
  2 two-headed ogres
  An orc knight (D:10)
  Pikel (D:8)
  A cyclops (D:10)
  A centaur zombie (D:10)
  A kobold demonologist (D:8)
  An unseen horror (D:10)
  2 hornets (D:10)
  2 centaur simulacra (D:10)
  A shadow (D:11)
  11 yaks
  Grum (D:9)
  2 basilisks
  A steam dragon (D:8)
  3 acid dragons
  3 orc warriors
  4 sky beasts
  A black bear (D:7)
  A necrophage (D:5)
  2 ice beasts
  4 wolves
  8 centaurs
  3 lemures
  3 kobold brigands
  2 gnoll sergeants
  A wyvern zombie (D:7)
  5 bullfrogs
  A scorpion (D:4)
  A water moccasin zombie (D:7)
  A wyvern skeleton (D:7)
  15 killer bees
  9 wights
  5 howler monkeys
  2 bullfrog zombies
  A centaur skeleton (D:6)
  2 gnoll shamans
  2 orc priests (D:8)
  4 hounds
  2 jellies
  4 iguanas
  2 orc wizards (D:10)
  A scorpion zombie (D:5)
  2 killer bee zombies
  A howler monkey zombie (D:7)
  10 gnolls
  5 adders
  An adder zombie (D:5)
  A worm (D:4)
  2 dart slugs
  11 orcs
  6 ball pythons
  2 endoplasms
  2 giant cockroaches (D:3)
  3 goblins
  14 hobgoblins
  2 quokkas (D:3)
  3 bats
  20 kobolds
  3 rats
208 creatures vanquished.

Vanquished Creatures (others)
  3 fungi (D:11)
3 creatures vanquished.

Grand Total: 211 creatures vanquished

Notes
Turn   | Place    | Note
-------+----------+-------------------------------------------
     0 | D:1      | comborobin the Palentonga Gladiator began the quest for the
                  | Orb.
     0 | D:1      | Reached XP level 1. HP: 17/17 MP: 1/1
    37 | D:1      | You fall into a shaft and drop 1 floor!
   243 | D:2      | Reached XP level 2. HP: 20/23 MP: 2/2
   686 | D:3      | Reached XP level 3. HP: 29/29 MP: 3/3
   886 | D:3      | Noticed a bullfrog
   902 | D:3      | Killed a bullfrog
   903 | D:3      | Reached XP level 4. HP: 30/37 MP: 4/4
   907 | D:3      | Reached skill level 4 in Staves
  1133 | D:3      | Found Miguq's Weapon Shop.
  1143 | D:3      | Bought a +0 spear of venom for 61 gold pieces
  1146 | D:3      | Reached XP level 5. HP: 43/43 MP: 5/5
  1257 | D:3      | Found a sacrificial altar of Ru.
  1263 | D:3      | Identified a scroll of acquirement
  1263 | D:3      | Acquired a +0 lajatang of venom
  1454 | D:3      | Found a runed translucent door.
  1455 | D:3      | Noticed Crazy Yiuf
  1632 | D:4      | Reached skill level 5 in Staves
  1942 | D:4      | Reached XP level 6. HP: 50/50 MP: 6/6
  2198 | D:4      | Acquired 897 gold pieces
  2244 | D:4      | Reached skill level 6 in Staves
  2566 | D:5      | Entered Level 5 of the Dungeon
  2912 | D:5      | Gained mutation: You curl defensively after being hit.
                  | [Palentonga growth]
  2912 | D:5      | Reached XP level 7. HP: 41/55 MP: 7/7
  2968 | D:5      | Reached skill level 7 in Staves
  3107 | D:5      | Found a runed translucent door.
  3109 | D:5      | Noticed lordive's ghost (amateur OpVM)
  3227 | D:5      | Reached skill level 8 in Staves
  4009 | D:6      | Reached XP level 8. HP: 55/62 MP: 8/8
  4112 | D:6      | Reached skill level 9 in Staves
  4439 | D:7      | Reached skill level 10 in Staves
  4986 | D:7      | Found a staircase to the Ecumenical Temple.
  5013 | Temple   | Entered the Ecumenical Temple
  5168 | Temple   | Became a worshipper of Warmaster Okawaru
  5227 | D:7      | Reached skill level 11 in Staves
  5245 | D:7      | Acquired a manual of Dodging
  5320 | D:7      | Reached XP level 9. HP: 55/68 MP: 9/9
  5442 | D:7      | Reached skill level 5 in Dodging
  6142 | D:8      | Reached * piety under Okawaru
  6514 | D:8      | Found Ejeggu's Assorted Antiques.
  7326 | D:8      | Reached skill level 10 in Dodging
  7456 | D:9      | Noticed Grum
  7469 | D:8      | Reached ** piety under Okawaru
  7829 | D:9      | Reached XP level 10. HP: 51/74 MP: 10/10
  8139 | D:9      | Identified the +0 leather armour of Freedom {Will+}
  8145 | D:9      | Noticed Pikel
  8260 | D:9      | Noticed a sun demon
  8269 | D:8      | Reached skill level 1 in Invocations
  8304 | D:8      | Killed Pikel
  8696 | D:9      | Reached *** piety under Okawaru
  8975 | D:9      | Killed Grum
  8976 | D:9      | Reached skill level 5 in Fighting
  9342 | D:9      | Found a runed translucent door.
  9346 | D:9      | Noticed DireWerechicken's ghost (novice TrWr)
  9646 | D:10     | Entered Level 10 of the Dungeon
  9912 | D:10     | Noticed a cyclops
  9943 | D:10     | Killed a cyclops
  9943 | D:10     | Reached **** piety under Okawaru
  9944 | D:10     | Reached skill level 12 in Staves
  9944 | D:10     | Reached skill level 5 in Invocations
 10189 | D:10     | Noticed an orc knight
 10208 | D:10     | Killed an orc knight
 10559 | D:10     | Reached XP level 11. HP: 84/84 MP: 15/15
 10778 | D:10     | Noticed a two-headed ogre
 10787 | D:10     | Killed a two-headed ogre
 11556 | D:10     | Identified the +6 fustibalus "Lutoh" {flame, rF+ Str+4
                  | Int+2 Dex+3}
 12008 | D:11     | Noticed a two-headed ogre
 12009 | D:11     | Received a gift from Okawaru
 12023 | D:11     | Killed a two-headed ogre
 12024 | D:11     | Reached skill level 10 in Invocations
 12035 | D:11     | HP: 3/84 [yak (2)]
 12035 | D:11     | Slain by a yak

Illustrated notes

Levels and vault maps discovered:
D:1:      giann_forest_graveyard, layout_loops_corners,
          chequers_ecumenical_altar_simple_redux
D:2:      layout_loops_cross
D:3:      layout_loops_ring, lemuel_doored_altar, serial_shops,
          nicolae_shop_trees, solitary_fountain, fountainhead,
          minmay_randomly_rotated_circles, uniq_crazy_yiuf_cottage, uniq_sigmund
D:4:      layout_gridville
D:5:      cheibrodos_helix_gallery, layout_rooms, ebering_ghost_sewer_d
D:6:      layout_gridville, small_statue_alley_b, hex_large, minmay_door_square
D:7:      layout_rooms, minmay_temple_entry_overgrown, kennysheep_potato
D:8:      layout_loops_corners, serial_shops, shop_coins
D:9:      layout_small_grid, gammafunk_ghost_grave, uniq_pikel, uniq_grum
D:10:     layout_stronghold, minmay_diamond_spiral
D:11:     layout_cave_pools, grunt_lair_entry_orc_guard_hut, serial_shops,
          nicolae_shop_stone
Temple:   kilobyte_greek_temple

Skill      XL: |  1  2  3  4  5  6  7  8  9 10 11 |
---------------+----------------------------------+-----
Dodging        | 3 4 10 11 | 11.3
Fighting       | 3 5 |  5.0
Staves         | 4 5 6 8 11 12 | 12.0
Invocations    | 6 10 | 10.1
Throwing       | |  1.3

Action                   |  1- 3 |  4- 6 |  7- 9 | 10-12 || total
-------------------------+-------+-------+-------+-------++-------
Melee: Quarterstaff      |    52 |    18 |       |       ||    70
       Tailslap          |     6 |    20 |    44 |    57 ||   127
       Spear             |       |    11 |       |       ||    11
       Lajatang          |       |    63 |   233 |   260 ||   556
Throw: Throwing net      |       |     2 |       |       ||     2
Invok: Heroism           |       |       |       |     3 ||     3
  Use: Potion            |     2 |     3 |     2 |     4 ||    11
       Scroll            |       |     7 |     3 |     5 ||    15
 Stab: Sleeping          |     2 |     1 |     1 |       ||     4
       Held in net/web   |       |     1 |       |       ||     1
Armor: Leather armour    |    22 |    20 |     7 |       ||    49
       Ring mail         |       |       |    52 |    34 ||    86
       Acid dragon scale |       |       |       |    37 ||    37
Dodge: Dodged            |    35 |    61 |   134 |   249 ||   479
Block: Other             |       |       |    45 |    84 ||   129
       Reflection        |       |       |     3 |     4 ||     7
